 Dungeon Crawl Stone Soup version 0.31.0-32-g396128a36d (webtiles) character file.

Game seed: 11038126908046237353

10893 Whimmes the Severer (level 11, -3/99 HPs)
             Began as a Minotaur Berserker on Apr 4, 2024.
             Was a High Priest of Trog.
             Killed from afar by a guardian serpent (4 damage)
             ... with a bolt of poison
             ... on level 12 of the Dungeon on Apr 5, 2024.
             The game lasted 01:39:22 (9522 turns).

Whimmes the Severer (Minotaur Berserker)            Turns: 9522, Time: 01:39:22

Health: -3/99      AC: 15    Str: 27    XL:     11   Next: 42%
Magic:  10/10      EV: 34    Int: 10    God:    Trog [*****.]
Gold:   730        SH:  0    Dex: 10    Spells: 10/10 levels left

rFire   . . .        v - +5 woodcutter's axe
rCold   + . .        (shield currently unavailable)
rNeg    . . .        c - +0 acid dragon scales
rPois   .            (helmet restricted)
rElec   .            F - +2 cloak
rCorr   +            B - +0 pair of gloves of Music {Fly Int+6 Dex-2 Slay+3}
SInv    .            R - +2 pair of boots {Fly}
Will    ++...        I - amulet of the acrobat
Stlth   +            b - +5 ring of evasion
HPRegen 1.36/turn    Q - ring of Isymig {rC+ Dex+3}
MPRegen 0.12/turn

%: acrobat
@: lethally poisoned (-3 -> -32), strong-willed, acrobatic, flying,
regenerating, slowed, very slow
A: horns 2, retaliatory headbutt
a: Renounce Religion, Berserk, Trog's Hand, Brothers in Arms


You were on level 12 of the Dungeon.
You worshipped Trog.
Trog was extremely pleased with you.
You visited 1 branch of the dungeon, and saw 12 of its levels.
You visited the Abyss 1 time.
You also visited: Sewer, Ossuary and Bailey.

You collected 1360 gold pieces.
You spent 630 gold pieces at shops.

Inventory:

Hand Weapons
 k - a +0 morningstar
 v - the +5 woodcutter's axe (weapon)
   (You found it on level 5 of the Dungeon)
 J - a +0 war axe of flaming
Missiles
 t - 15 boomerangs (quivered)
Armour
 c - +0 acid dragon scales (worn)
 j - a +1 plate armour of poison resistance
 l - a +2 leather armour of willpower
 B - the +0 pair of gloves of Music (worn) {Fly Int+6 Dex-2 Slay+3}
   (You acquired it in a sewer)

   Int+6:     It affects your intelligence (+6).
   Dex-2:     It affects your dexterity (-2).
   Slay+3:    It affects your accuracy & damage with ranged weapons and melee
   (+3).
   Fly:       It grants you flight.
 F - a +2 cloak (worn)
 R - a +2 pair of boots of flying (worn)
 S - a +1 leather armour of fire resistance
Jewellery
 b - a +5 ring of evasion (left hand)
 e - a ring of protection from fire
 g - a ring of poison resistance
 E - a ring of positive energy
 I - an amulet of the acrobat (around neck)
 M - a +5 ring of evasion
 Q - the ring of Isymig (right hand) {rC+ Dex+3}
   (You found it in a bailey)

   [ring of protection from cold]

   Dex+3:     It affects your dexterity (+3).
   rC+:       It protects you from cold.
Wands
 n - a wand of quicksilver (3)
 o - a wand of flame (16)
 p - a wand of roots (8)
 u - a wand of charming (2)
Scrolls
 a - 2 scrolls of poison
 d - 2 scrolls of noise
 f - 3 scrolls of identify
 x - a scroll of silence
 y - 3 scrolls of immolation
 C - a scroll of fog
 D - 2 scrolls of fear
 G - 2 scrolls of summoning
 H - 2 scrolls of revelation
 L - 7 scrolls of teleportation
Potions
 h - 2 potions of attraction
 i - a potion of cancellation
 m - 2 potions of resistance
 q - 7 potions of enlightenment
 r - a potion of lignification
 s - 2 potions of heal wounds
 z - 5 potions of curing
 A - 4 potions of haste


   Skills:
 - Level 10.0 Fighting
 + Level 19.0 Axes
 - Level 5.0 Armour
 - Level 10.0 Dodging


You had 10 spell levels left.
You didn't know any spells.
Your spell library was empty.

Dungeon Overview and Level Annotations

Branches:
Dungeon (13/15)            Temple (0/1) D:5             Orc (0/2) D:9
  Sewer (visited)         Ossuary (visited)          Bailey (visited)
   Lair: D:8-11      Vaults: D:13-14

Altars:
Ashenzari
Cheibriados
Gozag
Nemelex Xobeh
Okawaru
Qazlal
Ru
Trog
Uskayaw
Xom
Yredelemnul
Zin

Shops:
D:1 ?((!=   D:6 ?   D:9 *

Portals:
Ice
Cave: D:12

Annotations:
D:9 Zin - Dig
D:10 1 transporter, exclusion: ice statue, NikiYani's ghost, journeyman FoFi
D:12 Sonja


Innate Abilities, Weirdness & Mutations

You have a pair of horns on your head.
You reflexively headbutt those who attack you in melee.


Message History

You feel very sick.
The orange demon stings you but does no damage.
The orange demon hits you but does no damage.
The guardian serpent coils itself and waves its upper body at you.
The bolt of poison misses you.
You closely miss the orange demon.
The orange demon is heavily wounded.
You slice the guardian serpent!!
You feel very sick.
The guardian serpent coils itself and waves its upper body at you.
The bolt of poison hits you!
You are more poisoned.
* * * LOW HITPOINT WARNING * * *
The orange demon stings you!
* * * LOW HITPOINT WARNING * * *
You are more poisoned.
The orange demon poisons you! The orange demon misses you.
The guardian serpent casts a spell at you.
The bolt of poison misses you.
You feel much better.
You feel extremely sick. The orange demon misses you.
The orange demon barely misses you.
Sonja zaps a wand.
You resist with almost no effort. The guardian serpent hits you!
* * * LOW HITPOINT WARNING * * *
The orange demon stings you.
* * * LOW HITPOINT WARNING * * *
The orange demon hits you but does no damage.
The guardian serpent closely misses you.
Blink to where?
Press: ? - help, Q - select action, (/) - cycle Dir - move target
As you read the scroll of blinking, it crumbles to dust.
* * * LOW HITPOINT WARNING * * *
You feel extremely sick.
* * * LOW HITPOINT WARNING * * *
You feel extremely sick.
The guardian serpent casts a spell at you.
The bolt of poison hits you.
You are more poisoned.
You die...

*,* *,,,,,,,,,**,,,,, *,*
#.........##,,,,, #.*
#...........,,,., #.#
#....(....#*,,.., #####**#.#
#.........#*,..., #.....*#.#
#.........#*...., #.....##.#
####.......##K....,
#.....#..###...........≈.....,
#.....#......@....S..4..#~**,,
***#.........##.........#÷.≈#~,*,
,>,...........#........≈#...≈#,,,
***#.......##..........≈#.....≈.,
,,*#.....#.####........≈#∩......<
*,*#....,#.# #........≈#####...,
*,,....,,#.# #........≈≈≈~~,...,
***###.,*#.# #...........,,,,..,
##..##.##**,....,,,,,*,,*,,,,


You could see a guardian serpent.

Vanquished Creatures
  2 thrashing horrors (Abyss:1)
  A wretched star (Abyss:1)
  A glowing orange brain (D:12)
  Maurice (D:10)
  2 rime drakes (D:12)
  Jeremiah (D:7)
  A komodo dragon (D:10)
  3 trolls
  A hornet (D:9)
  Prince Ribbit (D:7)
  3 wyverns
  3 yaks (D:9)
  4 steam dragons
  A neqoxec (Abyss:1)
  A vampire mosquito (D:12)
  An acid dragon (D:8)
  A water moccasin (D:5)
  8 orc warriors
  Duvessa (D:5)
  3 ice beasts
  2 sky beasts
  A crocodile (Sewer)
  2 ogres
  A small abomination (Abyss:1)
  2 wolves (D:10)
  2 phantoms
  4 kobold brigands
  2 gnoll sergeants
  2 scorpions
  2 bullfrogs
  2 water moccasin zombies (Ossuary)
  A burial acolyte (Ossuary)
  A killer bee (D:8)
  Dowan (D:5)
  2 electric eels (D:10)
  2 howler monkeys
  2 bombardier beetles (D:5)
  4 hounds
  3 jellies
  A spectral scorpion (Ossuary)
  6 orc priests
  Crazy Yiuf (D:6)
  6 iguanas
  Ijyb (D:3)
  7 orc wizards
  A sleepcap (D:4)
  Terence (D:3)
  A bullfrog simulacrum (Ossuary)
  2 mummies (Ossuary)
  Robin (D:2)
  12 gnolls
  14 adders
  3 river rats (Sewer)
  A shadow imp (D:6)
  3 adder zombies (Ossuary)
  2 dart slugs
  4 ribbon worms
  37 orcs
  5 bats
  9 endoplasms
  A giant cockroach (D:3)
  26 goblins
  14 hobgoblins
  8 jackals
  27 kobolds
  3 quokkas
  13 ball pythons
  4 frilled lizards
  9 gnoll zombies (Ossuary)
  5 jackal zombies (Ossuary)
  4 orc zombies (Ossuary)
  4 rats
314 creatures vanquished.

Vanquished Creatures (collateral kills)
  2 orcs (D:6)
2 creatures vanquished.

Grand Total: 316 creatures vanquished

Notes
Turn   | Place    | Note
-------+----------+-------------------------------------------
     0 | D:1      | Whimmes the Minotaur Berserker began the quest for the Orb.
     0 | D:1      | Reached XP level 1. HP: 19/19 MP: 0/0
   145 | D:1      | Found Astomag's Jewellery Boutique.
   397 | D:1      | Found Xyus Oth's Magic Scroll Emporium.
   402 | D:1      | Reached XP level 2. HP: 24/27 MP: 1/1
   447 | D:1      | Bought a scroll of identify for 26 gold pieces
   491 | D:1      | Found Onainn's Antique Weapon Emporium.
   524 | D:1      | Found Cas Baep's Distillery.
   561 | D:1      | Reached skill level 4 in Axes
   570 | D:1      | Found Ofoce's Weapon Shop.
   787 | D:2      | Reached XP level 3. HP: 33/33 MP: 2/2
   871 | D:2      | Reached ** piety under Trog
  1169 | D:2      | Noticed Robin
  1174 | D:2      | Killed Robin
  1175 | D:2      | Reached XP level 4. HP: 41/41 MP: 3/3
  1583 | D:3      | Reached XP level 5. HP: 47/47 MP: 4/4
  1802 | D:3      | Found a sacrificial altar of Ru.
  1843 | D:3      | Reached skill level 5 in Fighting
  1843 | D:3      | Reached skill level 5 in Axes
  1948 | D:3      | Found a shimmering altar of Xom.
  2065 | D:3      | Noticed Terence
  2073 | D:3      | Killed Terence
  2146 | D:3      | Reached XP level 6. HP: 36/56 MP: 5/5
  2307 | D:3      | Reached *** piety under Trog
  2367 | D:3      | Noticed Ijyb
  2376 | D:3      | Killed Ijyb
  2663 | D:4      | Identified a scroll of acquirement
  2663 | D:4      | Acquired a manual of Axes
  2683 | D:4      | Reached skill level 6 in Axes
  2683 | D:4      | Reached skill level 5 in Armour
  2949 | D:4      | Found a stormy altar of Qazlal.
  2991 | D:4      | Reached XP level 7. HP: 54/61 MP: 6/6
  3032 | D:4      | Reached skill level 7 in Axes
  3032 | D:4      | Reached skill level 5 in Dodging
  3035 | D:4      | Reached skill level 8 in Axes
  3052 | D:4      | Reached skill level 9 in Axes
  3543 | D:5      | Entered Level 5 of the Dungeon
  3589 | D:5      | Found a staircase to the Ecumenical Temple.
  3602 | D:5      | Reached skill level 10 in Axes
  3626 | D:5      | Found a sand-covered staircase.
  3630 | Ossuary  | Entered an ossuary
  3708 | Ossuary  | Reached skill level 11 in Axes
  3712 | Ossuary  | Reached **** piety under Trog
  3734 | Ossuary  | Reached XP level 8. HP: 68/68 MP: 7/7
  3871 | D:5      | Found the +5 woodcutter's axe
  3907 | D:5      | Reached skill level 12 in Axes
  4010 | D:5      | Found a glowing drain.
  4021 | Sewer    | Entered a sewer
  4071 | Sewer    | Acquired the +0 pair of gloves of Music {Fly Int+6 Dex-2
                  | Slay+3}
  4197 | Sewer    | Reached skill level 13 in Axes
  4323 | D:5      | Reached skill level 14 in Axes
  4463 | D:5      | Noticed Dowan
  4463 | D:5      | Noticed Duvessa
  4469 | D:5      | Killed Dowan
  4471 | D:5      | Killed Duvessa
  4897 | D:6      | Reached skill level 15 in Axes
  4975 | D:6      | Found a basalt altar of Yredelemnul.
  5040 | D:6      | Reached ***** piety under Trog
  5041 | D:6      | Reached skill level 16 in Axes
  5064 | D:6      | Found a broken altar of Ashenzari.
  5095 | D:6      | Reached XP level 9. HP: 74/74 MP: 8/8
  5107 | D:6      | Found Woakup's Magic Scroll Shop.
  5115 | D:6      | Bought a scroll of identify for 26 gold pieces
  5115 | D:6      | Bought a scroll of identify for 26 gold pieces
  5115 | D:6      | Bought a scroll of identify for 26 gold pieces
  5115 | D:6      | Bought a scroll of teleportation for 39 gold pieces
  5377 | D:6      | Found a runed translucent door.
  5378 | D:6      | Noticed Crazy Yiuf
  5383 | D:6      | Killed Crazy Yiuf
  5853 | D:7      | Found an opulent altar of Gozag.
  5880 | D:7      | Noticed Prince Ribbit
  5889 | D:7      | Killed Prince Ribbit
  5939 | D:7      | Found a bloodstained altar of Trog.
  6142 | D:7      | Found a flagged portal.
  6151 | Bailey   | Entered a bailey
  6221 | Bailey   | Identified the +10 long sword "Wudotah" {flame, rF- rN++
                  | Str+4}
  6253 | Bailey   | Reached skill level 10 in Fighting
  6325 | Bailey   | Identified the ring of Isymig {rC+ Dex+3}
  6832 | D:7      | Noticed Jeremiah
  6850 | D:7      | Killed Jeremiah
  7270 | D:1      | Bought 2 potions of heal wounds for 120 gold pieces
  7301 | D:1      | Bought a scroll of teleportation for 39 gold pieces
  7301 | D:1      | Bought 2 scrolls of teleportation for 78 gold pieces
  7301 | D:1      | Bought a scroll of teleportation for 39 gold pieces
  7301 | D:1      | Bought a scroll of summoning for 123 gold pieces
  7561 | D:8      | Reached XP level 10. HP: 93/93 MP: 9/9
  7719 | D:8      | Found a hide-covered altar of Uskayaw.
  7802 | D:8      | Found a snail-covered altar of Cheibriados.
  7933 | D:8      | Found an iron altar of Okawaru.
  8352 | D:9      | Found a staircase to the Orcish Mines.
  8496 | D:9      | Reached skill level 10 in Dodging
  8565 | D:9      | Found Dener's General Store.
  8599 | D:9      | Bought a scroll of teleportation for 33 gold pieces
  8599 | D:9      | Bought a potion of heal wounds for 55 gold pieces
  8616 | D:9      | Found a glowing silver altar of Zin.
  8740 | D:9      | Found a sparkling altar of Nemelex Xobeh.
  8790 | D:10     | Entered Level 10 of the Dungeon
  8904 | D:10     | Noticed Maurice
  8910 | D:10     | Maurice stole an amulet of guardian spirit
  8913 | D:10     | Killed Maurice
  8914 | D:10     | Reached skill level 17 in Axes
  8975 | D:10     | Reached XP level 11. HP: 71/99 MP: 10/10
  9127 | D:10     | Noticed NikiYani's ghost (journeyman FoFi)
  9134 | D:10     | Noticed a deep elf pyromancer
  9173 | D:10     | Found a transporter.
  9242 | D:10     | You are sucked into a shaft and drop 3 floors!
  9299 | D:12     | Found a frozen archway.
  9302 | D:12     | Noticed Sonja
  9309 | Abyss:1  | Cast into level 1 of the Abyss (Sonja)
  9370 | Abyss:1  | Noticed a thrashing horror
  9374 | Abyss:1  | Killed a thrashing horror
  9375 | Abyss:1  | Reached skill level 18 in Axes
  9384 | Abyss:1  | Noticed a wretched star
  9401 | Abyss:1  | Killed a wretched star
  9486 | Abyss:1  | Found a corrupted altar of Lugonu.
  9496 | Abyss:1  | Noticed a thrashing horror
  9503 | Abyss:1  | Noticed a glowing orange brain
  9504 | Abyss:1  | Killed a thrashing horror
  9513 | D:12     | Escaped the Abyss
  9517 | D:12     | Killed a glowing orange brain
  9517 | D:12     | Received a gift from Trog
  9518 | D:12     | Reached skill level 19 in Axes
  9522 | D:12     | HP: 1/99 [poisoned by an orange demon]
  9522 | D:12     | Killed from afar by a guardian serpent

Illustrated notes

Levels and vault maps discovered:
D:1:      matt_arrival_grand_opening, layout_rooms, serial_forest,
          infiniplex_forest_corner_1, infiniplex_forest_corner_2,
          infiniplex_forest_clump_double, infiniplex_forest_clump_small,
          serial_shops, nicolae_shop_bloodbath_and_beyond,
          nicolae_shop_tiny_statue_garden, nicolae_shop_tiny_glass,
          shop_fountains, nicolae_lakefront_shop, minivault_25
D:2:      layout_basic, uniq_robin
D:3:      kennysheep_goblin_castle, layout_loops_ring, lemuel_doored_altar,
          mainiacjoe_overflow_24_doors, kennysheep_generic_room_6, uniq_terence
D:4:      layout_loops_ring, mainiacjoe_overflow_alcove_2,
          minmay_misc_feat_secret_circle, chequers_decorated_corner
D:5:      layout_cave_pods, minmay_temple_entry_proselytizer, enter_ossuary_5,
          cheibrodos_sewer_entry_drain, chequers_serial_rivers_marsh,
          hangedman_decor_peaks_small, minivault_11, uniq_duvessa
D:6:      layout_loops_corners, cheibrodos_ashenzari_chains,
          yredelemnul_altar_generic, serial_shops, shop, uniq_crazy_yiuf_cottage
D:7:      layout_loops_corners, mainiacjoe_overflow_brackets, lemuel_tele_altar,
          enter_bailey_8, uniq_prince_ribbit1, uniq_jeremiah
D:8:      layout_basic, mainiacjoe_overflow_paths,
          nicolae_overflow_crystal_walls, cheibriados_altar_1,
          minmay_large_rounded_square, minmay_misc_feat_more_columns,
          kennysheep_small_square
D:9:      layout_gridville, nemelex_spade_bored_becter, zin_treasury,
          david_orc_2, serial_shops, nicolae_shop_crystal
D:10:     layout_basic, erik_lair_island, nzn_ghost_randoct,
          nicolae_concentric_dashed_squares_wild, uniq_maurice
D:12:     layout_rooms, portal_ice_cave_rime, uniq_sonja, uniq_erolcha
D:13:     layout_irregular_city, ebering_ghost_inner_flame, minivault_16

Skill      XL: |  1  2  3  4  5  6  7  8  9 10 11 |
---------------+----------------------------------+-----
Fighting       | 4 5 10 | 10.0
Axes           | 4 5 6 11 16 17 19 | 19.0
Armour         | 3 4 5 |  5.0
Dodging        | 3 4 5 7 10 | 10.0

Action                     |  1- 3 |  4- 6 |  7- 9 | 10-12 || total
---------------------------+-------+-------+-------+-------++-------
  Melee: Hand axe          |    33 |       |       |       ||    33
         War axe           |    84 |   108 |   247 |       ||   439
         Headbutt          |    32 |    13 |    35 |    17 ||    97
         Punch             |     1 |       |     2 |       ||     3
         Battleaxe         |       |       |    15 |   106 ||   121
  Throw: Boomerang         |       |       |     4 |     8 ||    12
 Invoke: Berserk           |     2 |     5 |     9 |     8 ||    24
         Trog's Hand       |       |     2 |     2 |     5 ||     9
  Evoke: Wand              |       |       |     9 |     6 ||    15
    Use: Scroll            |     4 |     8 |    11 |     5 ||    28
         Potion            |       |       |     3 |     3 ||     6
 Armour: Ring mail         |    27 |     5 |       |       ||    32
         Leather armour    |       |    52 |   105 |       ||   157
         Steam dragon scal |       |       |     3 |       ||     3
         Acid dragon scale |       |       |       |    77 ||    77
  Dodge: Dodged            |    18 |    54 |   149 |   153 ||   374
